 Dungeon Crawl Stone Soup version 0.25-a0-613-gf4b266557c (webtiles) character file.

Game seed: 14992930687401015007, levelgen mode: deterministic

32 placeholdermk1 the Skirmisher (level 3, -2/33 HPs)
             Began as a Hill Orc Fighter on Mar 17, 2020.
             Killed from afar by a white imp (4 damage)
             ... with a puff of frost
             ... summoned by Natasha
             ... on level 2 of the Dungeon.
             The game lasted 00:02:04 (562 turns).

placeholdermk1 the Skirmisher (Hill Orc Fighter)     Turns: 562, Time: 00:02:05

Health: -2/33      AC:  6    Str: 19    XL:     3   Next: 27%
Magic:  3/3        EV:  9    Int:  8    God:
Gold:   18         SH:  0    Dex: 10    Spells: 2/2 levels left

rFire    . . .     SeeInvis .   a - +0 war axe
rCold    . . .     Gourm    .   (no shield)
rNeg     . . .     Faith    .   b - +0 scale mail
rPois    .         Spirit   .   (no helmet)
rElec    .         Reflect  .   (no cloak)
rCorr    .         Harm     .   (no gloves)
MR       .....                  (no boots)
Stlth    ..........             (no amulet)
HPRegen  0.11/turn              (no ring)
MPRegen  0.08/turn              (no ring)

@: slowed, very slow
A: no striking features
a: no special abilities


You were on level 2 of the Dungeon.
You were not hungry.

You visited 1 branch of the dungeon, and saw 2 of its levels.

You collected 18 gold pieces.

Inventory:

Hand Weapons
 a - a +0 war axe (weapon)
Armour
 b - a +0 scale mail (worn)
 c - a +0 kite shield
 j - a +0 ring mail
Scrolls
 e - 3 scrolls of teleportation {unknown}
 k - a scroll of identify {unknown}
Potions
 d - a potion of might
 h - a potion of flight {unknown}
 i - a potion of curing {unknown}
Comestibles
 f - 2 rations
 g - 2 chunks of flesh


   Skills:
 + Level 4.2 Fighting
 * Level 4.2 Axes
 - Level 3.2 Armour
 - Level 3.2 Shields


You had 2 spell levels left.
You didn't know any spells.
Your spell library was empty.

Dungeon Overview and Level Annotations

Branches:
Dungeon (2/15)

Altars:

Annotations:
D:2 Natasha


Message History

The magic dart hits you. The white imp gestures at you.
The puff of frost hits you. Natasha casts a spell at you.
The magic dart hits you. The white imp barely misses you.
Some of the chunks of flesh in your inventory have rotted away.
You hit Natasha.
Natasha is almost dead.
You hit the white imp but do no damage. Natasha casts a spell at you.
The magic dart hits you!
* * * LOW HITPOINT WARNING * * *
The white imp barely misses you. Natasha casts a spell at you.
The magic dart hits you.
* * * LOW HITPOINT WARNING * * *
Unknown command.
The white imp gestures at you. The puff of frost hits you.
You die...

##.######......<# #.#
#.......## #.#
#.##....# ##+#
#.###.#.# ##...# #.#
#...#
.#.....###.####..##
....[...##........##
.........####......#
.......5@'..[.........
.......h.####......###
........## ##.##.##
.#...%.## ### .#
##...# .# ##+#


You could see Natasha and a white imp.

Vanquished Creatures
  2 giant cockroaches (D:1)
  8 goblins (D:1)
  4 hobgoblins
  3 kobolds (D:1)
  6 bats (D:1)
  A frilled lizard (D:1)
  6 rats (D:1)
30 creatures vanquished.

Notes
Turn   | Place    | Note
-------+----------+-------------------------------------------
     0 | D:1      | placeholdermk1 the Hill Orc Fighter began the quest for the
                  | Orb.
     0 | D:1      | Reached XP level 1. HP: 19/19 MP: 1/1
    68 | D:1      | Reached XP level 2. HP: 27/27 MP: 2/2
   288 | D:1      | Reached XP level 3. HP: 32/33 MP: 3/3
   550 | D:2      | Noticed Natasha
   562 | D:2      | Killed from afar by a white imp

Levels and vault maps discovered:
D:1:      psy_arrival_terrarium, layout_basic
D:2:      layout_loops_corners, first_ration, uniq_natasha

Skill      XL: |  1  2  3 |
---------------+----------+-----
Axes           | 3 4 |  4.2
Fighting       | 4 |  4.2
Armour         | |  3.2
Shields        | |  3.2

Action                   || total
-------------------------++-------
Melee: War axe           ||    79
Armor: Scale mail        ||    54
Dodge: Dodged            ||    55

Table legend:
 A = Non-vault XP
 B = Vault XP
 C = Vault XP percentage of total XP
 D = Non-vault monster count
 E = Vault monster count
 F = Vault count percentage of total count
                 A         B        C        D         E       F
            +---------+---------+-------+---------+---------+-------
      Total |      47 |       0 |   0.0 |      30 |       0 |   0.0
            +---------+---------+-------+---------+---------+-------
        D:1 |      45 |       0 |   0.0 |      29 |       0 |   0.0
        D:2 |       2 |       0 |   0.0 |       1 |       0 |   0.0
            +---------+---------+-------+---------+---------+-------
